 Dungeon Crawl Stone Soup version 0.19-a0-1587-gaef70b6 (webtiles) character file.

46 Lochraine the Bolt Thrower (level 3, -3/21 HPs)
             Began as a Kobold Hunter on Sept 16, 2016.
             Slain by a gnoll
             ... wielding a +0 halberd
              (12 damage)
             ... on level 2 of the Dungeon.
             The game lasted 00:08:31 (1273 turns).

Lochraine the Bolt Thrower (Kobold Hunter)          Turns: 1273, Time: 00:08:32

Health: -3/21      AC:  3    Str:  9    XL:     3   Next: 95%
Magic:  3/3        EV: 15    Int: 12    God:
Gold:   89         SH:  0    Dex: 16    Spells: 0 memorised, 2 levels left

rFire  . . .     SeeInvis .     a - +1 hand crossbow
rCold  . . .     Gourm    .     c - +0 leather armour
rNeg   . . .     Faith    .     (shield restricted)
rPois  .         Spirit   .     (no helmet)
rElec  .         Dismiss  .     (no cloak)
rCorr  .         Reflect  .     (no gloves)
MR     .....     Harm     .     (no boots)
Stlth  ++........               (no amulet)
                                (no ring)
                                (no ring)

@: no status effects
A: carnivore 3
a: no special abilities


You were on level 2 of the Dungeon.
You were very full.

You visited 1 branch of the dungeon, and saw 2 of its levels.

You collected 89 gold pieces.

Inventory:

Hand Weapons
 a - a +1 hand crossbow (weapon)
 b - a +0 short sword
 q - a +3 dagger
Missiles
 d - 9 bolts (quivered)
Armour
 c - a +0 leather armour (worn)
 p - a cursed +0 chain mail
Jewellery
 o - an uncursed ring of protection from cold {unknown}
Scrolls
 h - 4 scrolls of identify
 k - 2 scrolls of remove curse {unknown}
Potions
 e - a potion of beneficial mutation {unknown}
 g - 2 potions of mutation
 i - a potion of lignification {unknown}
 j - 2 potions of heal wounds {unknown}
 l - a potion of ambrosia {unknown}
 m - a potion of berserk rage {unknown}
 n - a potion of degeneration {unknown}
Comestibles
 f - 2 meat rations


   Skills:
 - Level 2.1 Fighting
 + Level 3.7 Short Blades
 - Level 5.1 Crossbows
 - Level 2.5 Dodging
 - Level 1.3 Stealth


You had 2 spell levels left.
You didn't know any spells.

Dungeon Overview and Level Annotations

Branches:
Dungeon (2/15)

Altars:


Innate Abilities, Weirdness & Mutations

You are small and have problems with some larger weapons.
You are carnivorous and can eat meat at any time.


Message History

You shoot a bolt. The gnoll shouts!
The bolt hits the gnoll but does no damage.
The gnoll is moderately wounded.
The gnoll closely misses you.
Firing (i - inventory):
d - 11 bolts (quivered)
Press: ? - help, Shift-Dir - straight line, f/p - gnoll
Aim: a gnoll, wielding a halberd of flaming (moderately wounded)
You shoot a bolt. The bolt closely misses the gnoll. x2
The bolt barely misses the gnoll.
The gnoll hits you from afar with a halberd of flaming!
The gnoll burns you.
Firing (i - inventory):
d - 10 bolts (quivered)
Press: ? - help, Shift-Dir - straight line, f/p - gnoll
Aim: a gnoll, wielding a halberd of flaming (moderately wounded)
You shoot a bolt. The bolt hits the gnoll!
You kill the gnoll!
The gnoll hits you from afar with a halberd!
Ouch! That really hurt!
You die...

############
#..........########
#.>........@.gg((.(
#..........#######.
#..........#
#..........#
#..........#
##+##...#### #.###
# ## #...# # ..#
###.#


You could see 2 gnolls.

Vanquished Creatures
  2 gnolls (D:2)
  An adder (D:2)
  An ooze (D:1)
  A leopard gecko (D:1)
  A bat (D:1)
  A goblin (D:1)
  2 hobgoblins (D:1)
  A kobold (D:1)
  5 rats
15 creatures vanquished.

Notes
Turn   | Place    | Note
-------+----------+-------------------------------------------
     0 | D:1      | Lochraine the Kobold Hunter began the quest for the Orb.
     0 | D:1      | Reached XP level 1. HP: 12/12 MP: 1/1
   122 | D:1      | Reached skill level 5 in Crossbows
   484 | D:1      | Reached skill level 1 in Short Blades
   484 | D:1      | Reached XP level 2. HP: 12/17 MP: 2/2
  1113 | D:2      | Reached XP level 3. HP: 15/21 MP: 3/3
  1273 | D:2      | Slain by a gnoll

Vault maps used:
D:1:      minmay_arrival_solitary_statue
D:2:      uniq_natasha, uniq_iyjb

Skill      XL: |  1  2  3 |
---------------+----------+-----
Crossbows      | 5 |  5.1
Short Blades   | 1 2 3 |  3.7
Fighting       | |  2.1
Dodging        | |  2.5
Stealth        | |  1.3

Action                   || total
-------------------------++-------
Melee: Short sword       ||    35
 Fire: Hand crossbow     ||    23
  Use: Scroll            ||     1
  Eat: Chunk             ||     7
Armor: Leather armour    ||     5
Dodge: Dodged            ||    28
